 Dungeon Crawl Stone Soup version 0.28.0-47-ge53b351184 (webtiles) character file.

Game seed: 10994779351790581627

117 klau3 the Slasher (level 4, 0/38 HPs)
             Began as a Minotaur Gladiator on May 4, 2022.
             Slain by a goblin
             ... wielding a +0 club
             ... led by Robin
              (3 damage)
             ... on level 2 of the Dungeon.
             The game lasted 00:06:20 (1742 turns).

klau3 the Slasher (Minotaur Gladiator)              Turns: 1742, Time: 00:06:21

Health: 0/38       AC:  5    Str: 21    XL:     4   Next: 71%
Magic:  3/3        EV: 12    Int:  5    God:
Gold:   98         SH:  0    Dex: 11    Spells: 3/3 levels left

rFire   . . .      SeeInvis .   a - +0 long sword
rCold   . . .      Faith    .   (no shield)
rNeg    . . .      Spirit   .   h - +0 ring mail
rPois   .          Reflect  .   c - +0 hat
rElec   .          Harm     .   (no cloak)
rCorr   .          Rampage  .   (no gloves)
Will    .....                   (no boots)
Stlth   +.........              (no amulet)
HPRegen 0.12/turn               (no ring)
MPRegen 0.08/turn               (no ring)

@: no status effects
A: horns 2, retaliatory headbutt
a: no special abilities


You were on level 2 of the Dungeon.
You visited 1 branch of the dungeon, and saw 2 of its levels.

You collected 98 gold pieces.

Inventory:

Hand Weapons
 a - a +0 long sword (weapon)
 n - a +3 short sword
Missiles
 d - 2 throwing nets (quivered)
 i - 82 stones
 o - 5 poisoned darts
Armour
 b - a +0 leather armour
 c - a +0 hat (worn)
 h - a +0 ring mail (worn)
 m - a +0 ring mail
Magical Staves
 j - a staff of air
Jewellery
 l - a ring of wizardry
Scrolls
 f - a scroll of blinking {unknown}
 g - a scroll of vulnerability {unknown}
 k - a scroll of fog {unknown}
 p - a scroll of amnesia {unknown}
 q - a scroll of identify {unknown}
Potions
 e - a potion of invisibility {unknown}
 r - a potion of ambrosia {unknown}


   Skills:
 + Level 3.4 Fighting
 + Level 4.7 Long Blades
 + Level 2.2 Throwing
 + Level 2.1 Armour
 + Level 4.1 Dodging
 + Level 0.1 Stealth


You had 3 spell levels left.
You didn't know any spells.
Your spell library was empty.

Dungeon Overview and Level Annotations

Branches:
Dungeon (2/15)

Altars:

Shops:
D:1 ((!

Annotations:
D:2 Robin


Innate Abilities, Weirdness & Mutations

You have a pair of horns on your head.
You reflexively headbutt those who attack you in melee.


Message History

You hit the goblin.
You kill the goblin!
You hit the goblin.
You kill the goblin!
The hobgoblin closely misses you.
You barely miss the hobgoblin. The hobgoblin closely misses you.
You barely miss the hobgoblin. Your headbutt misses the hobgoblin.
Robin throws the goblin at you! The goblin hits you but does no damage.
The goblin closely misses you.
You slash the hobgoblin!
You kill the hobgoblin!
Robin roars a battlecry!
The goblins go into a battle-frenzy!
The goblin hits you with a +0 club. The goblin hits you but does no damage.
Robin hits you from afar with a +0 spear.
You barely miss the goblin. Your headbutt misses the goblin.
The goblin hits you with a +0 club. x2
* * * LOW HITPOINT WARNING * * *
Robin throws the goblin at you! The goblin misses you.
The goblin hits you but does no damage. Robin barely misses you.
The hobgoblin barely misses you. You furiously retaliate!
You headbutt the hobgoblin!
You kill the hobgoblin!
The goblin hits you with a +0 dagger.
* * * LOW HITPOINT WARNING * * *
Items here: )) ††.
The goblin hits you with a +0 club.
* * * LOW HITPOINT WARNING * * *
Robin barely misses you.
Things that are here:
a +0 dagger; a goblin corpse You completely miss Robin.
You headbutt Robin.
Robin is moderately wounded.
The goblin misses you. Robin hits you but does no damage.
You slash Robin!
Robin is almost dead.
The goblin misses you. You furiously retaliate!
You headbutt the goblin.
You kill the goblin!
The goblin hits you with a +0 club.
You die...

### #.. .#.. ..... ..###
########################
..###
...............gg.......
....
.....).........g@.......
....
################g..#####
.### ..#.# # ..##.# #
... . # ♣ .... #. # ♣♣
..### ## ## .♣ ##. ..
.## ..## .♣ #. ##...##


You could see Robin and 3 goblins.

Vanquished Creatures
  Natasha (twice) (D:2)
  An adder (D:2)
  2 worms (D:2)
  2 dart slugs
  3 ball pythons
  5 endoplasms
  10 goblins
  5 hobgoblins (D:2)
  5 kobolds
  A quokka (D:1)
  7 bats
  3 rats
46 creatures vanquished.

Notes
Turn   | Place    | Note
-------+----------+-------------------------------------------
     0 | D:1      | klau3 the Minotaur Gladiator began the quest for the Orb.
     0 | D:1      | Reached XP level 1. HP: 18/18 MP: 0/0
   249 | D:1      | Found Riec's Distillery.
   330 | D:1      | Reached XP level 2. HP: 9/25 MP: 1/1
   416 | D:1      | Found Daoko's Antique Weapon Boutique.
   422 | D:1      | Found Hasmaoss's Antique Weapon Shop.
   916 | D:1      | Found a faded altar of an unknown god.
  1174 | D:2      | Reached skill level 1 in Armour
  1260 | D:2      | Reached XP level 3. HP: 31/31 MP: 2/2
  1431 | D:2      | Noticed Natasha
  1436 | D:2      | Killed Natasha
  1511 | D:2      | Reached XP level 4. HP: 22/38 MP: 3/3
  1700 | D:2      | Noticed Natasha
  1710 | D:2      | Killed Natasha
  1725 | D:2      | Noticed Robin
  1742 | D:2      | Slain by a goblin

Illustrated notes

Levels and vault maps discovered:
D:1:      heliophobic_arrival_battle_scene, layout_basic,
          nicolae_ecumenical_lake_church, serial_shops,
          nicolae_shop_temple_entry_statues_fountains,
          nicolae_shop_competitors_out_of_business, shop, minmay_tall_x
D:2:      minmay_skewed_foursquare, layout_basic, minmay_misc_feat_hallway,
          kennysheep_cross_room, minmay_pentomino_r2, uniq_robin, uniq_natasha

Skill      XL: |  1  2  3  4 |
---------------+-------------+-----
Armour         | 1 2 |  2.1
Long Blades    | 4 |  4.7
Fighting       | 3 |  3.4
Dodging        | 4 |  4.1
Throwing       | |  2.2
Stealth        | |  0.1

Action                   |  1- 3 |  4- 6 || total
-------------------------+-------+-------++-------
Melee: Long sword        |    74 |    29 ||   103
       Headbutt          |    12 |     4 ||    16
       Punch             |     1 |       ||     1
Throw: Throwing net      |     2 |       ||     2
       Dart              |     1 |       ||     1
 Stab: Held in net/web   |     1 |       ||     1
Armor: Leather armour    |    25 |       ||    25
       Ring mail         |    24 |    17 ||    41
       Skin              |       |     3 ||     3
Dodge: Dodged            |    67 |    21 ||    88
